 Dungeon Crawl Stone Soup version 0.14-a0-2950-gbe29d66 (webtiles) character file.

232 Misa the Skirmisher (level 4, -2/30 HPs)
             Began as a Gargoyle Berserker on Mar 4, 2014.
             Was a Believer of Trog.
             Killed from afar by an orc wizard (8 damage)
             ... with a magic dart
             ... on Level 3 of the Dungeon.
             The game lasted 00:05:59 (1369 turns).

Misa the Skirmisher (Gargoyle Berserker)            Turns: 1369, Time: 00:05:59

HP  -2/30        AC 12     Str 21      XL: 4   Next: 44%
MP   4/4         EV  9     Int  8      God: Trog [**....]
Gold 149         SH  0     Dex  9      Spells:  0 memorised,  3 levels left

rFire  . . .     SeeInvis .     p - -3,+0 long sword (curse)
rCold  + . .     Clarity  .     s - +2 orc scale mail {rC+}
rNeg   + . .     Conserve .     (no shield)
rPois  +         rCorr    .     (no helmet)
rElec  +         rRot     +     (no cloak)
SustAb . .       Spirit   .     (no gloves)
rMut   .         Warding  .     (no boots)
Saprov . . .     Stasis   .     (no amulet)
MR     +....                    (no ring)
                                k - ring of protection from magic {unknown}

@: exhausted, somewhat resistant to hostile enchantments, extremely unstealthy
A: life protection 1, electricity resistance, unbreathing, petrification
resistance, AC +3
a: Burn Spellbooks, Berserk, Trog's Hand, Renounce Religion


You were on level 3 of the Dungeon.
You worshipped Trog.
Trog was pleased with you.
You were near starving.

You visited 1 branch of the dungeon, and saw 3 of its levels.

You collected 149 gold pieces.

Inventory:

Hand weapons
 a - a +0,+0 hand axe
 p - a cursed -3,+0 long sword (weapon)
Missiles
 i - 27 darts (quivered)
Armour
 b - a +0 animal skin
 s - a +2 orcish scale mail of cold resistance (worn)
Comestibles
 c - 4 bread rations
 d - a meat ration
 f - a cheese
 m - a rotting chunk of hobgoblin flesh
 n - 2 chunks of goblin flesh
 t - 3 chunks of orc flesh
 u - 3 chunks of orc flesh
Scrolls
 e - a scroll of recharging
 q - a scroll of teleportation {unknown}
 r - a scroll of immolation {unknown}
Jewellery
 k - a ring of protection from magic (left hand) {unknown}
Potions
 g - a potion of porridge
 h - 3 potions of heal wounds {unknown}
 j - a potion of confusion {unknown}
 l - 2 potions of curing {unknown}
 o - a potion of speed {unknown}


   Skills:
 + Level 4.7 Fighting
 + Level 3.6 Axes
 - Level 2.1 Armour
 - Level 1.5 Dodging


You had 3 spell levels left.
You didn't know any spells.

Dungeon Overview and Level Annotations

Branches:
Dungeon (3/16)

Altars:
Nemelex Xobeh


Innate Abilities, Weirdness & Mutations

You are resistant to torment.
You are immune to poison.
Your stone body is very resilient (AC +3).
You resist negative energy.
You are resistant to electric shocks.
You can survive without breathing.
You are immune to petrification.


Message History

You miss something. Something hits you but does no damage.
Something hits you but does no damage.
You barely miss something. Something hits you. Something hits you.
Your scale mail prevents you from hitting something.
Something hits you but does no damage.
You slash something!
You are near starving!
You hear some strange, mumbled words.
The magic dart hits you!
* * * LOW HITPOINT WARNING * * *
Something hits you but does no damage.
You closely miss something. Something completely misses you.
Something hits you but does no damage.
You closely miss something. Something hits you but does no damage.
Something hits you but does no damage.
You barely miss something.
You feel yourself speed up.
You hear some strange, mumbled words.
The magic dart hits you!
You die... ... ##. ......# #. ....... #. ...... #. ..... ##. ...# #..
So#

#.. #{# #..
#####@################
#....)%...............
#........#####........
#........# #........
#........# #........
#........# #........
#........# #........
#........# #........
#........# #........


You could see an adder and an orc.

Vanquished Creatures
  An adder (D:3)
  2 worms (D:3)
  3 giant geckos
  An ooze (D:2)
  7 orcs (D:3)
  7 bats (D:1)
  2 giant cockroaches
  6 goblins
  8 hobgoblins
  A quokka (D:2)
  A ball python (D:2)
  2 kobolds
  6 rats
47 creatures vanquished.

Notes
Turn   | Place    | Note
--------------------------------------------------------------
     0 | D:1      | Misa, the Gargoyle Berserker, began the quest for the Orb.
     0 | D:1      | Reached XP level 1. HP: 14/14 MP: 1/1
    85 | D:1      | Reached XP level 2. HP: 13/19 MP: 2/2
   525 | D:2      | Acquired Trog's second power
   620 | D:2      | Reached skill level 4 in Fighting
   629 | D:2      | Found a sparkling altar of Nemelex Xobeh.
   804 | D:2      | Reached XP level 3. HP: 24/24 MP: 3/3
  1234 | D:3      | Reached XP level 4. HP: 12/30 MP: 4/4
  1369 | D:3      | Killed from afar by an orc wizard

Action                   |  1- 3 |  4- 6 || total
-------------------------+-------+-------++-------
Melee: Hand axe          |    70 |       ||    70
       Long sword        |    76 |    56 ||   132
Invok: Berserk           |     2 |     1 ||     3
       Trog's Hand       |       |     1 ||     1
  Use: Scroll            |     3 |       ||     3
 Stab: Sleeping          |     1 |       ||     1
